AoeStats
← der adrige

Arena

509249117Analyzed
1v1 RM · 7d ago on Sep 26, 2026· 63m 12s· 2 players
Game mode
Random Map
Map size
Tiny (2 player)
Population
200
Speed
Normal
Resources
Standard
Victory
Conquest
Starting age
Dark Age
Ending age
Imperial Age
RankedLock teamsTeams togetherTeam positionsShared explorationLock speedFull tech treeHidden civsTurbo modeCheats
Victory
Defeat
🇵🇪 Persians · Peru
995
+16
🇩🇪 Turks · Germany
1001
-16
APOLO
11:23 Feudal Age
15:05 Castle Age
13:26 Double-Bit Axe
14:35 Horse Collar
20:05 Wheelbarrow
20:43 Bow Saw
22:37 Hand Cart
22:07 Loom
23:26 Elite Skirmisher
24:22 Padded Archer Armor
24:12 Fletching
24:40 Husbandry
24:51 Bloodlines
27:04 Ballistics
28:34 Town Watch
29:07 Scale Barding Armor
29:14 Forging
29:00 Bodkin Arrow
31:20 Heavy Plow
34:23 Imperial Age
31:50 Gold Mining
31:50 Stone Mining
34:46 Gold Shaft Mining
34:47 Stone Shaft Mining
35:18 Chain Barding Armor
35:14 Leather Archer Armor
36:44 Chemistry
36:35 Kamandaran
36:56 Conscription
37:51 Thumb Ring
39:15 Two-Man Saw
38:10 Cavalier
43:59 Hoardings
45:08 Crop Rotation
45:37 Citadels
46:23 Coinage
46:13 Savar
48:11 Plate Barding Armor
48:12 Iron Casting
48:39 Banking
48:42 Heavy Camel Rider
52:30 Blast Furnace
51:54 Elite War Elephant
52:11 Crossbowman
53:23 Light Cavalry
der adrige
11:40 Feudal Age
15:42 Castle Age
13:38 Double-Bit Axe
14:30 Gold Mining
15:32 Horse Collar
20:56 Imperial Age
19:02 Bow Saw
19:08 Heavy Plow
20:51 Padded Archer Armor
22:00 Gold Shaft Mining
23:33 Leather Archer Armor
24:05 Ballistics
25:47 Wheelbarrow
30:01 Scale Mail Armor
32:15 Bloodlines
32:05 Husbandry
32:55 Hand Cart
35:54 Forging
36:00 Chain Mail Armor
35:53 Scale Barding Armor
37:51 Two-Man Saw
37:39 Ring Archer Armor
40:17 Plate Mail Armor
44:18 Chain Barding Armor
44:34 Iron Casting
49:23 Blast Furnace
48:58 Plate Barding Armor
50:13 Bombard Tower
51:33 Conscription
50:40 Elite Janissary
53:00 Stone Mining
Connection lost

Rejoining the realm…

Still unreachable

The connection could not be restored.

Session expired

The server has moved on; the page needs a fresh start.